Map: Catalyst LE

Players

KaasGrater - Winner!

  • Race: Protoss Protoss
  • League: Diamond
  • Spawn Location: 5:00

A.I. 1 (Very Easy)

  • Race: Protoss Protoss
  • Spawn Location: 11:00

VOD

Have the link to the VOD?

Description

Time

  • Played on: Aug. 2, 2018, 12:22 p.m.
  • Length: 7:04
Show
View Real Time Build Order
Export as new Build Order

KaasGrater Protoss - Winner!

Build Orders: Phoenix Opening 

Get SALT Encoding   

  12  0:00  Probe  
  13  0:13  Probe  
  14  0:20  Pylon  
  14  0:25  Probe  
  15  0:37  Probe  
  15  0:40  Gateway  
  16  0:45  Probe  
  16  0:49  Assimilator  
  17  0:54  Probe  
  17  0:55  Assimilator  
  18  1:04  Probe  
  19  1:15  Gateway  
  19  1:16  Probe  
  20  1:31  Probe  
  20  1:32  Cybernetics Core  
  21  1:42  Pylon  
  21  1:43  Probe  
  22  1:55  Probe  
  23  2:02  Stalker x2  
  23  2:11  Warp Gate  
  27  2:24  Stargate  
  27  2:43  Stalker x2  
  27  2:44  Pylon  
  31  2:59  Phoenix  
  33  3:14  Gateway  
  33  3:22  Phoenix  
  35  3:31  Pylon  
  35  3:32  Pylon  
  35  3:47  Phoenix  
  37  4:12  Phoenix  
  39  4:17  Stalker  
  39  4:18  Stalker  
  39  4:20  Stalker  
  45  4:43  Stalker x2  
  45  4:44  Zealot  
  51  4:49  Pylon  
  51  4:58  Pylon  
  51  5:09  Stalker x2  
  51  5:11  Stalker  
Show
View Real Time Build Order
Export as new Build Order

A.I. 1 (Very Easy) Protoss 

Build Orders:  

Get SALT Encoding   

  12  0:00  Probe  
  13  0:13  Probe  
  14  0:21  Pylon  
  14  0:36  Assimilator  
  14  0:43  Gateway  
  14  0:46  Pylon  
  14  1:13  Assimilator  
  14  1:22  Zealot  
  14  1:23  Probe  
  14  1:31  Probe  
  14  1:32  Cybernetics Core  
  18  1:41  Probe  
  19  1:53  Probe  
  20  2:01  Probe  
  21  2:08  Warp Gate  
  21  2:09  Probe  
  22  2:37  Stalker  
  24  4:37  Stalker  
  26  4:40  Pylon  
  20  4:58  Probe  
  18  5:06  Zealot  
  11  5:07  Probe  
  9  5:15  Probe  
Tags
 
League
Diamond
Matchup
PvP
Spawn Locations
Cross Positions
Add a new tag
Caveats
  • Supply blocks, unpowered buildings, or Contaminate may cause inaccurate times.
  • Supply counts are checked every 10 seconds.